| TOP OF THE 1ST |
|
Bend Bandits batting - Pitching for Kennewick Bear Cubs : RHP Chuck McGrath
|
|
Pitching: RHP Chuck McGrath
|
|
|
Batting: LHB Jerome Coleman
|
0-0: Ball 1-0: Foul Ball, location: 2F 1-1: Fly out, F9 (Flyball, 9, EV 73.1 MPH)
|
|
Batting: RHB Jeff Doerr
|
0-0: Called Strike 0-1: Ball 1-1: Ball 2-1: Called Strike 2-2: Foul Ball, location: 2F 2-2: Ball 3-2: Foul Ball, location: 2F 3-2: Foul Ball, location: 2F 3-2: Foul Ball, location: 2F 3-2: Foul Ball, location: 2F 3-2: Foul Ball, location: 2F 3-2: Base on Balls
|
|
Batting: RHB Kevin Romine
|
0-0: Called Strike 0-1: SINGLE (Line Drive, 34, EV 102.5 MPH) Jeff Doerr to second
|
|
Batting: LHB Barry Houston
|
0-0: Foul Ball, location: 2F 0-1: Ball 1-1: Called Strike 1-2: Ball 2-2: Ball 3-2: Base on Balls Jeff Doerr to third Kevin Romine to second
|
|
Batting: RHB Trajano Estrela
|
0-0: Swinging Strike 0-1: Called Strike 0-2: Ball 1-2: Strikes out swinging
|
|
Batting: LHB Jim Riggs
|
0-0: Fly out, F8 (Line Drive, 8LM, EV 104.4 MPH)
|
| Top of the 1st over - 0 runs, 1 hit, 0 errors, 3 left on base; Bend 0 - Kennewick 0 |
| BOTTOM OF THE 1ST |
|
Kennewick Bear Cubs batting - Pitching for Bend Bandits : RHP Reggie Bratton
|
|
Pitching: RHP Reggie Bratton
|
|
|
Batting: RHB Matthew Sferrazza
|
0-0: Called Strike 0-1: Ball 1-1: Ball 2-1: Ground out 3-1 (Groundball, 34, EV 91.9 MPH)
|
|
Batting: LHB Steven Morris
|
0-0: Ball 1-0: SINGLE (Line Drive, 78S, EV 105.6 MPH)
|
|
Batting: LHB Jose Birriel
|
0-0: Foul Ball, location: 2F 0-1: SINGLE (Groundball, 34D, EV 95.0 MPH) Steven Morris to second Runner from 2nd tries for 3rd, SAFE, no throw by RF
|
|
Batting: RHB Jonathan Black
|
0-0: Called Strike 0-1: Swinging Strike 0-2: TRIPLE (Groundball, 5L, EV 101.9 MPH) Steven Morris scores Jose Birriel scores
|
|
Batting: RHB Roger Jensen
|
0-0: SINGLE (Flyball, 8RS, EV 81.9 MPH) Jonathan Black scores
|
|
Batting: RHB Ruben Machado
|
0-0: Ball 1-0: Fly out, F4 (Flyball, 34D, EV 75.0 MPH)
|
|
Batting: SHB Eriberto Them
|
0-0: Ball 1-0: Ball Roger Jensen steals 2nd base 2-0: Ground out 5-3 (Groundball, 56S, EV 90.6 MPH)
|
| Bottom of the 1st over - 3 runs, 4 hits, 0 errors, 1 left on base; Bend 0 - Kennewick 3 |
| TOP OF THE 2ND |
|
Bend Bandits batting - Pitching for Kennewick Bear Cubs : RHP Chuck McGrath
|
|
Batting: RHB Ronald Harper
|
0-0: Called Strike 0-1: Swinging Strike 0-2: Ball 1-2: Foul Ball, location: 2F 1-2: Ground out 5-3 (Groundball, 56, EV 83.1 MPH)
|
|
Batting: LHB Michael Vaughn
|
0-0: Ground out 4-3 (Groundball, 4, EV 80.6 MPH)
|
|
Batting: RHB Jeffrey Thompson
|
0-0: Called Strike 0-1: Foul Ball, location: 2F 0-2: Strikes out swinging
|
| Top of the 2nd over - 0 runs, 0 hits, 0 errors, 0 left on base; Bend 0 - Kennewick 3 |
| BOTTOM OF THE 2ND |
|
Kennewick Bear Cubs batting - Pitching for Bend Bandits : RHP Reggie Bratton
|
|
Batting: LHB Shane Fairbanks
|
0-0: Swinging Strike 0-1: Ball 1-1: Ball 2-1: Called Strike 2-2: Foul Ball, location: 2F 2-2: DOUBLE (Line Drive, 9LM, EV 108.8 MPH)
|
|
Batting: RHB Gary Tremblay
|
0-0: Ball 1-0: Foul Ball, location: 2F 1-1: Ball 2-1: Ball 3-1: Base on Balls
|
|
Batting: RHB Matthew Sferrazza
|
0-0: Called Strike 0-1: Fly out, F7 (Flyball, 78D, EV 105.0 MPH)
|
|
Batting: LHB Steven Morris
|
0-0: Foul Ball, location: 2F 0-1: Foul Ball, location: 2F 0-2: Ball 1-2: Ball 2-2: Ball 3-2: Reached on error, E6 (Groundball, 56, EV 98.1 MPH) Shane Fairbanks to third Gary Tremblay to second
|
|
Batting: LHB Jose Birriel
|
0-0: Called Strike 0-1: Ball 1-1: Ball 2-1: SINGLE (Line Drive, 8RS, EV 114.4 MPH) Shane Fairbanks scores Gary Tremblay to third Steven Morris to second
|
|
Batting: RHB Jonathan Black
|
0-0: Ball 1-0: Swinging Strike 1-1: Called Strike 1-2: SINGLE (Groundball, 6MD, EV 99.4 MPH) Gary Tremblay scores Steven Morris to third Jose Birriel to second Runner from 3rd tries for Home, SAFE, throw by CF to home
|
|
Batting: RHB Roger Jensen
|
Pickoff Throw to Second - Out! 0-0: Ball 1-0: Swinging Strike 1-1: SINGLE (Groundball, P, EV 90.6 MPH) (infield hit) Jonathan Black to second
|
|
Batting: RHB Ruben Machado
|
0-0: Ball 1-0: Reached on error, E6 (Groundball, 56, EV 76.9 MPH) Jonathan Black to third Roger Jensen to second
|
|
Batting: SHB Eriberto Them
|
0-0: Ball 1-0: Swinging Strike 1-1: Ball 2-1: Foul Ball, location: 2F 2-2: Foul Ball, location: 2F 2-2: Ball 3-2: Foul Ball, location: 2F 3-2: Base on Balls Jonathan Black scores Roger Jensen to third Ruben Machado to second
|
|
Batting: LHB Shane Fairbanks
|
0-0: Ball 1-0: Ball 2-0: Ground out 4-3 (Groundball, 4, EV 106.9 MPH)
|
| Bottom of the 2nd over - 4 runs, 4 hits, 2 errors, 3 left on base; Bend 0 - Kennewick 7 |
| TOP OF THE 3RD |
|
Bend Bandits batting - Pitching for Kennewick Bear Cubs : RHP Chuck McGrath
|
|
Batting: LHB Jerome Coleman
|
0-0: Called Strike 0-1: Swinging Strike 0-2: Ball 1-2: SINGLE (Line Drive, 78M, EV 83.1 MPH)
|
|
Batting: RHB Jeff Doerr
|
0-0: Called Strike Jerome Coleman is caught stealing 2nd base 2-4 0-1: Ball 1-1: Fly out, F9 (Flyball, 89S, EV 81.3 MPH)
|
|
Batting: RHB Kevin Romine
|
0-0: Called Strike 0-1: SINGLE (Groundball, 6MD, EV 106.3 MPH)
|
|
Batting: LHB Barry Houston
|
0-0: Ball 1-0: Fly out, F9 (Flyball, 9S, EV 88.1 MPH)
|
| Top of the 3rd over - 0 runs, 2 hits, 0 errors, 1 left on base; Bend 0 - Kennewick 7 |
| BOTTOM OF THE 3RD |
|
Kennewick Bear Cubs batting - Pitching for Bend Bandits : RHP Reggie Bratton
|
|
Batting: RHB Gary Tremblay
|
0-0: SINGLE (Groundball, 34D, EV 96.9 MPH)
|
|
Batting: RHB Matthew Sferrazza
|
0-0: Ball 1-0: Ball 2-0: Foul Ball, location: 2F 2-1: Ball 3-1: Fielders Choice at 2nd, 4-6 (Groundball, 4, EV 88.1 MPH)
|
|
Batting: LHB Steven Morris
|
0-0: Grounds into double play, 4-6-3 (Groundball, 4, EV 106.9 MPH)
|
| Bottom of the 3rd over - 0 runs, 1 hit, 0 errors, 0 left on base; Bend 0 - Kennewick 7 |
| TOP OF THE 4TH |
|
Bend Bandits batting - Pitching for Kennewick Bear Cubs : RHP Chuck McGrath
|
|
Batting: RHB Trajano Estrela
|
0-0: Called Strike 0-1: Ball 1-1: Ground out 4-3 (Groundball, P, EV 85.0 MPH)
|
|
Batting: LHB Jim Riggs
|
0-0: Called Strike 0-1: Foul Ball, location: 2F 0-2: SINGLE (Groundball, 4MD, EV 94.4 MPH)
|
|
Batting: RHB Ronald Harper
|
0-0: Ball 1-0: Ball 2-0: Ball 3-0: Base on Balls Jim Riggs to second
|
|
Batting: LHB Michael Vaughn
|
0-0: Called Strike 0-1: Ball 1-1: Ball 2-1: SINGLE (Line Drive, 7S, EV 100.6 MPH) Jim Riggs to third Ronald Harper to second Runner from 3rd tries for Home, SAFE, throw by LF to home
|
|
Batting: RHB Jeffrey Thompson
|
0-0: Ball 1-0: Swinging Strike 1-1: Ball 2-1: Ball 3-1: Grounds into double play, 5-4-3 (Groundball, 5, EV 106.9 MPH)
|
| Top of the 4th over - 1 run, 2 hits, 0 errors, 1 left on base; Bend 1 - Kennewick 7 |
| BOTTOM OF THE 4TH |
|
Kennewick Bear Cubs batting - Pitching for Bend Bandits : RHP Reggie Bratton
|
|
Batting: LHB Jose Birriel
|
0-0: Ball 1-0: Called Strike 1-1: Foul Ball, location: 2F 1-2: Fly out, F8 (Line Drive, 8LD, EV 86.9 MPH)
|
|
Batting: RHB Jonathan Black
|
0-0: Swinging Strike 0-1: Fly out, F9 (Flyball, 9LM, EV 88.1 MPH)
|
|
Batting: RHB Roger Jensen
|
0-0: Ball 1-0: Ball 2-0: Ball 3-0: Called Strike 3-1: Base on Balls
|
|
Batting: RHB Ruben Machado
|
0-0: Ball 1-0: Called Strike 1-1: Called Strike 1-2: Fly out, F8 (Flyball, 8LD, EV 104.4 MPH)
|
| Bottom of the 4th over - 0 runs, 0 hits, 0 errors, 1 left on base; Bend 1 - Kennewick 7 |
| TOP OF THE 5TH |
|
Bend Bandits batting - Pitching for Kennewick Bear Cubs : RHP Chuck McGrath
|
|
Batting: LHB Jerome Coleman
|
0-0: Called Strike 0-1: Ground out 5-3 (Groundball, 5, EV 108.8 MPH)
|
|
Batting: RHB Jeff Doerr
|
0-0: Ball 1-0: Called Strike 1-1: Called Strike 1-2: Ball 2-2: Foul Ball, location: 2F 2-2: Fly out, F4 (Popup, 4, EV 76.3 MPH)
|
|
Batting: RHB Kevin Romine
|
0-0: Ball 1-0: Ball 2-0: Foul Ball, location: 2F 2-1: Swinging Strike 2-2: Ball 3-2: Ground out 6-3 (Groundball, 6, EV 91.3 MPH)
|
| Top of the 5th over - 0 runs, 0 hits, 0 errors, 0 left on base; Bend 1 - Kennewick 7 |
| BOTTOM OF THE 5TH |
|
Kennewick Bear Cubs batting - Pitching for Bend Bandits : RHP Reggie Bratton
|
|
Batting: SHB Eriberto Them
|
0-0: Ball 1-0: Called Strike 1-1: Ball 2-1: Foul Ball, location: 2F 2-2: Ball 3-2: Base on Balls
|
|
Pitching: LHP Mark Roberts
|
|
|
Batting: LHB Shane Fairbanks
|
0-0: Ball 1-0: Ball 2-0: Fly out, F8 (Flyball, 8LM, EV 86.3 MPH)
|
|
Batting: RHB Gary Tremblay
|
0-0: Foul Ball, location: 2F 0-1: Swinging Strike 0-2: Fly out, F7 (Flyball, 7S, EV 92.5 MPH)
|
|
Batting: RHB Matthew Sferrazza
|
0-0: Ball 1-0: Ball 2-0: Ball 3-0: Base on Balls Eriberto Them to second
|
|
Batting: LHB Steven Morris
|
0-0: Ground out 1-3 (Groundball, P, EV 69.4 MPH)
|
| Bottom of the 5th over - 0 runs, 0 hits, 0 errors, 2 left on base; Bend 1 - Kennewick 7 |
| TOP OF THE 6TH |
|
Bend Bandits batting - Pitching for Kennewick Bear Cubs : RHP Chuck McGrath
|
|
Batting: LHB Barry Houston
|
0-0: Ball 1-0: Foul Ball, location: 2F 1-1: Ball 2-1: Fly out, F7 (Flyball, 7LS, EV 80.0 MPH)
|
|
Batting: RHB Trajano Estrela
|
0-0: Called Strike 0-1: Ground out 5-3 (Groundball, 56S, EV 78.1 MPH)
|
|
Batting: LHB Jim Riggs
|
0-0: Called Strike 0-1: Ball 1-1: Fly out, F9 (Line Drive, 9, EV 94.4 MPH)
|
| Top of the 6th over - 0 runs, 0 hits, 0 errors, 0 left on base; Bend 1 - Kennewick 7 |
| BOTTOM OF THE 6TH |
|
Kennewick Bear Cubs batting - Pitching for Bend Bandits : LHP Mark Roberts
|
|
Batting: LHB Jose Birriel
|
0-0: SINGLE (Groundball, 3S, EV 65.6 MPH) (infield hit)
|
|
Batting: RHB Jonathan Black
|
0-0: Ball 1-0: Ball 2-0: Fly out, F7 (Flyball, 7LM, EV 78.1 MPH)
|
|
Batting: RHB Roger Jensen
|
0-0: Called Strike 0-1: Ball 1-1: Fielders Choice at 2nd, 3-6 (Groundball, 34S, EV 84.4 MPH)
|
|
Batting: RHB Ruben Machado
|
0-0: Ball 1-0: Foul Ball, location: 2F 1-1: Ball 2-1: Fly out, F7 (Flyball, 7D, EV 100.0 MPH)
|
| Bottom of the 6th over - 0 runs, 1 hit, 0 errors, 1 left on base; Bend 1 - Kennewick 7 |
| TOP OF THE 7TH |
|
Bend Bandits batting - Pitching for Kennewick Bear Cubs : RHP Chuck McGrath
|
|
Batting: RHB Ronald Harper
|
0-0: Ball 1-0: Foul Ball, location: 2F 1-1: Ground out 3-1 (Groundball, 3S, EV 71.9 MPH)
|
|
Batting: LHB Michael Vaughn
|
0-0: Fly out, F6 (Popup, 6, EV 80.6 MPH)
|
|
Batting: RHB Jeffrey Thompson
|
0-0: Called Strike 0-1: SINGLE (Groundball, 56D, EV 109.4 MPH)
|
|
Batting: LHB Jerome Coleman
|
0-0: Called Strike 0-1: TRIPLE (Line Drive, 9LD, EV 111.9 MPH) Jeffrey Thompson scores
|
|
Batting: RHB Jeff Doerr
|
0-0: Fly out, F8 (Flyball, 89D, EV 101.9 MPH)
|
| Top of the 7th over - 1 run, 2 hits, 0 errors, 1 left on base; Bend 2 - Kennewick 7 |
| BOTTOM OF THE 7TH |
|
Kennewick Bear Cubs batting - Pitching for Bend Bandits : LHP Mark Roberts
|
|
Batting: SHB Eriberto Them
|
0-0: Ball 1-0: Swinging Strike 1-1: Ball 2-1: Swinging Strike 2-2: Fly out, F9 (Flyball, 9D, EV 98.8 MPH)
|
|
Batting: LHB Shane Fairbanks
|
0-0: Called Strike 0-1: Fly out, F9 (Flyball, 9S, EV 90.6 MPH)
|
|
Batting: RHB Gary Tremblay
|
0-0: DOUBLE (Line Drive, 9LS, EV 101.9 MPH)
|
|
Batting: RHB Matthew Sferrazza
|
0-0: Called Strike 0-1: Called Strike 0-2: SINGLE (Groundball, 4, EV 106.9 MPH) Gary Tremblay to third Runner from 3rd tries for Home, SAFE, throw by CF to home
|
|
Batting: LHB Steven Morris
|
0-0: Ball 1-0: Ball 2-0: Foul Ball, location: 2F 2-1: Ground out U3 (Groundball, 3, EV 82.5 MPH)
|
| Bottom of the 7th over - 1 run, 2 hits, 0 errors, 1 left on base; Bend 2 - Kennewick 8 |
| TOP OF THE 8TH |
|
Bend Bandits batting - Pitching for Kennewick Bear Cubs : RHP Chuck McGrath
|
|
Batting: RHB Kevin Romine
|
0-0: Ball 1-0: Foul Ball, location: 2F 1-1: Swinging Strike 1-2: Fly out, F3 (Popup, 3SF, EV 70.0 MPH)
|
|
Pitching: RHP Calvin Schiraldi
|
|
|
Batting: LHB Barry Houston
|
0-0: Ball 1-0: Called Strike 1-1: Foul Ball, location: 2F 1-2: Foul Ball, location: 2F 1-2: Ground out 4-3 (Groundball, 34, EV 103.1 MPH)
|
|
Batting: RHB Trajano Estrela
|
0-0: Ball 1-0: Foul Ball, location: 2F 1-1: Swinging Strike 1-2: Ball 2-2: Ball 3-2: Strikes out swinging
|
| Top of the 8th over - 0 runs, 0 hits, 0 errors, 0 left on base; Bend 2 - Kennewick 8 |
| BOTTOM OF THE 8TH |
|
Kennewick Bear Cubs batting - Pitching for Bend Bandits : LHP Mark Roberts
|
|
Batting: LHB Jose Birriel
|
0-0: Ball 1-0: Ball 2-0: Ball 3-0: Called Strike 3-1: Fly out, F3 (Popup, 3F, EV 71.3 MPH)
|
|
Batting: RHB Jonathan Black
|
0-0: Foul Ball, location: 2F 0-1: Foul Ball, location: 2F 0-2: Ball 1-2: Foul Ball, location: 2F 1-2: Foul Ball, location: 2F 1-2: Ball 2-2: Foul Ball, location: 2F 2-2: Fly out, F4 (Popup, 34S, EV 87.5 MPH)
|
|
Batting: RHB Roger Jensen
|
0-0: Called Strike 0-1: Ball 1-1: SINGLE (Groundball, 25, EV 66.9 MPH) (infield hit)
|
|
Batting: RHB Ruben Machado
|
0-0: Foul Ball, location: 2F 0-1: Fly out, F7 (Flyball, 7S, EV 79.4 MPH)
|
| Bottom of the 8th over - 0 runs, 1 hit, 0 errors, 1 left on base; Bend 2 - Kennewick 8 |
| TOP OF THE 9TH |
|
Bend Bandits batting - Pitching for Kennewick Bear Cubs : RHP Calvin Schiraldi
|
|
Batting: LHB Jim Riggs
|
0-0: Called Strike 0-1: Fly out, F7 (Flyball, 7, EV 81.9 MPH)
|
|
Batting: RHB Ronald Harper
|
0-0: Called Strike 0-1: Foul Ball, location: 2F 0-2: Ball 1-2: Ball 2-2: Foul Ball, location: 2F 2-2: SINGLE (Line Drive, 7LS, EV 105.6 MPH)
|
|
Batting: LHB Michael Vaughn
|
0-0: Foul Ball, location: 2F 0-1: Fly out, F8 (Flyball, 8LD, EV 90.6 MPH)
|
|
Batting: RHB Jeffrey Thompson
|
0-0: Ball 1-0: Reached on error, E5 (Groundball, 56S, EV 81.3 MPH) Ronald Harper to third
|
|
Batting: LHB Jerome Coleman
|
0-0: Fly out, F8 (Flyball, 8RS, EV 88.1 MPH)
|
| Top of the 9th over - 0 runs, 1 hit, 1 error, 2 left on base; Bend 2 - Kennewick 8 |
|